Islanders vs Rangers

Created - 19 octobre 2017 at 15:55

Goals
1 2 3 T
Islanders 1 3 0 4
Rangers 1 0 2 3
Shots
1 2 3 T
Islanders 8 11 8 27
Rangers 14 11 12 37

1st period

1. Islanders , Alex Burrows 2 (Drew Stafford 1, Carl Gunnarsson 3) at 0:28
2. Rangers , Ondrej Palat 6 (Matt Stajan 5, Trevor Byrne 3) at 14:18

Penalties :
James Sheppard (NYR) for Cross-checking (Minor) at 1:54, Carl Gunnarsson (NYI) for Hooking (Minor) at 3:20, Scott Glennie (NYI) for Hooking (Minor) at 17:55

2nd period

3. Islanders , Scott Glennie 1 (Chris Higgins 2) at 0:41
4. Islanders , Alex Burrows 3 (David Desharnais 2, Carl Gunnarsson 4) at 7:29 (PP)
5. Islanders , Drew Stafford 1 (Nino Niederreiter 1, Carl Gunnarsson 5) at 19:59

Penalties :
Radko Gudas (NYR) for Interference (Minor) at 7:13, Alex Burrows (NYI) for Tripping (Minor) at 11:07, Andrew MacDonald (NYI) for Hooking (Minor) at 16:08

3rd period

6. Rangers , Nick Holden 2 (Reilly Smith 2, Nikolai Kulemin 6) at 1:47 (PP)
7. Rangers , James Sheppard 1 (Evan McGrath 1, Reilly Smith 3) at 2:19

Penalties :
Alex Burrows (NYI) for Holding (Minor) at 0:11, Alex Burrows (NYI) for Tripping (Minor) at 9:07, Carl Gunnarsson (NYI) for Hooking (Minor) at 14:16, Niklas Kronwall (NYR) for Interference (Minor) at 19:01

Goalie Stats

Carey Price (NYI), 34 saves from 37 shots - (0,919), W, 1-5-1, 60:00 minutes
Mike Smith (NYR), 23 saves from 27 shots - (0,852), L, 2-6-0, 60:00 minutes

Players Stats for Islanders

Player Name              G  A  P  +/- PIM S  H  SB GA TA FO     MP     PP MP  PK MP  
------------------------------------------------------------------------------------
Alex Burrows             2  0  2   1  6   5  4  0  0  0  10/18  17:12   1:23   0:00 
Andrew MacDonald         0  0  0   0  2   1  0  2  0  0  0/0    14:12   0:00   1:26 
Brian Strait             0  0  0   0  0   0  2  1  0  0  0/0    12:37   0:00   0:00 
Carl Gunnarsson          0  3  3   0  4   1  1  1  0  0  0/0    23:08   1:24   4:40 
Casey Cizikas            0  0  0   1  0   1  0  0  0  0  2/4     3:17   0:00   0:00 
Chris Higgins            0  1  1  -1  0   2  0  0  0  0  7/9    21:40   1:17   4:55 
David Desharnais         0  1  1   0  0   0  0  0  0  0  4/7    19:21   1:23   8:12 
Denis Tolpeko            0  0  0   0  0   1  0  1  0  0  7/17   19:42   1:23   8:14 
Drew Stafford            1  1  2   2  0   4  0  0  0  0  2/2    18:45   0:00   0:00 
Dylan Olsen              0  0  0   1  0   2  10 3  0  0  0/0    22:14   1:15   6:51 
Grant Clitsome           0  0  0   0  0   0  2  3  0  0  0/0    25:25   1:25   6:22 
Jared Cowen              0  0  0   1  0   0  0  2  0  0  0/0    22:21   1:15   6:35 
Jiri Tlusty              0  0  0   1  0   4  1  0  0  0  1/2    15:52   0:00   0:00 
Leo Komarov              0  0  0   0  0   2  3  0  0  0  3/12    9:39   0:00   0:00 
Nino Niederreiter        0  1  1   1  0   0  1  0  0  0  0/0     3:17   0:00   0:00 
Scott Glennie            1  0  1  -1  2   3  6  0  0  0  5/26   20:08   1:17   3:43 
Sergei Kostitsyn         0  0  0  -1  0   1  0  0  0  0  0/0    17:33   1:17   0:50 
T.J. Galiardi            0  0  0   0  0   0  0  0  0  0  0/0     0:00   0:00   0:00 

Players Stats for Rangers

Player Name              G  A  P  +/- PIM S  H  SB GA TA FO     MP     PP MP  PK MP  
------------------------------------------------------------------------------------
Clarke MacArthur         0  0  0  -1  0   1  0  0  0  0  1/1    21:35   6:41   0:00 
Evan McGrath             0  1  1   1  0   0  0  0  0  0  5/15    8:00   0:00   1:42 
James Sheppard           1  0  1   1  2   1  4  0  0  0  0/1     5:51   0:00   0:00 
Kyle Palmieri            0  0  0  -1  0   5  1  1  0  0  0/1    21:16   6:16   0:58 
Luca Sbisa               0  0  0   1  0   0  1  1  0  0  0/0    15:59   0:00   1:48 
Matt Stajan              0  1  1  -1  0   4  4  0  0  0  19/32  21:09   6:41   0:00 
Mattias Tedenby          0  0  0   0  0   3  0  0  0  0  0/0     9:35   0:00   0:00 
Nick Holden              1  0  1  -2  0   6  3  1  0  0  0/0    23:19   6:46   1:48 
Niklas Kronwall          0  0  0  -2  2   0  4  1  0  0  0/0    22:48   6:46   0:00 
Nikolai Kulemin          0  1  1  -1  0   4  0  0  0  0  19/29  21:37   6:16   1:26 
Ondrej Palat             1  0  1  -1  0   3  0  0  0  0  3/4    22:30   6:41   1:14 
Radko Gudas              0  0  0   0  2   1  5  1  0  0  0/0    22:29   6:11   0:52 
Reilly Smith             0  2  2   1  0   2  0  0  0  0  0/0    12:08   6:16   0:00 
Rich Peverley            0  0  0   0  0   2  0  0  0  0  9/13    9:35   0:00   0:00 
Shawn Collymore          0  0  0  -1  0   1  4  0  0  0  0/1    13:55   0:00   0:00 
Tim Ramholt              0  0  0   1  0   0  1  0  0  0  0/0    12:53   0:00   0:00 
Tomas Fleischmann        0  0  0   0  0   0  0  0  0  0  0/0     9:35   0:00   0:00 
Trevor Byrne             0  1  1   0  0   4  0  0  0  0  0/0    22:30   6:11   0:52 

3 Stars

1 - Drew Stafford (NYI)
2 - Dylan Olsen (NYI)
3 - Alex Burrows (NYI)

Power Play

Islanders - 1 on 3 Attempt(s) - 33,33%
Rangers - 1 on 7 Attempt(s) - 14,29%

Penalty Kill

Islanders - 6 on 7 Attempt(s) - 85,71% - Score 0 goal in Penalty Kill
Rangers - 2 on 3 Attempt(s) - 66,67% - Score 0 goal in Penalty Kill

Team Stat

Islanders - Hits : 30 - Faceoff Wins : 41 - Blocked Shots : 13 - Penalty Minutes : 14
Rangers - Hits : 27 - Faceoff Wins : 56 - Blocked Shots : 5 - Penalty Minutes : 6

Official

Referees : Gord Dwyer and Greg Kimmerly
Linesman : John Kiriakos and Jared Waitt

Game Notes

No Game Note

Finance

Level 1 -- Attendance: 4225 (68,15%) -- Ticket Income 528 125 $
Level 2 -- Attendance: 3951 (75,98%) -- Ticket Income 316 080 $
Level 3 -- Attendance: 1685 (76,59%) -- Ticket Income 92 675 $
Level 4 -- Attendance: 3743 (89,12%) -- Ticket Income 112 290 $
Luxury Box -- Attendance: 1098 (78,43%) -- Ticket Income 384 300 $
Game was played at the Madison Square Garden.
Total Attendance: 14702 (76,57%)
Total Ticket Income: 1 433 470 $
Other Income: 702 400 $
Total Income: 2 135 870 $

Islanders

5 vs 5 Forward 
   Center                   Left Wing                Right Wing               Time % Phy DF OF 
 1 Alex Burrows             Drew Stafford            Jiri Tlusty              40     1   2  2  
 2 Scott Glennie            Chris Higgins            Sergei Kostitsyn         30     1   2  2  
 3 Leo Komarov              David Desharnais         Denis Tolpeko            20     1   2  2  
 4 Casey Cizikas            Drew Stafford            Nino Niederreiter        10     1   2  2  

5 vs 5 Defense 
   Defense                  Defense                                           Time % Phy DF OF 
 1 Carl Gunnarsson          Grant Clitsome                                    40     1   2  2  
 2 Dylan Olsen              Jared Cowen                                       30     1   2  2  
 3 Brian Strait             Andrew MacDonald                                  20     1   2  2  
 4 Carl Gunnarsson          Grant Clitsome                                    10     1   2  2  

PowerPlay Forward 
   Center                   Left Wing                Right Wing               Time % Phy DF OF 
 1 David Desharnais         Alex Burrows             Denis Tolpeko            60     1   2  2  
 2 Scott Glennie            Chris Higgins            Sergei Kostitsyn         40     1   2  2  

PowerPlay Defense
   Defense                  Defense                                           Time % Phy DF OF 
 1 Carl Gunnarsson          Grant Clitsome                                    60     1   2  2  
 2 Dylan Olsen              Jared Cowen                                       40     1   2  2  

Penalty Kill 4 Players Forward 
   Center                   Wing                     Time % Phy DF OF 
 1 Denis Tolpeko            David Desharnais         60     1   2  2  
 2 Chris Higgins            Scott Glennie            40     1   2  2  

Penalty Kill 4 Players Defense
   Defense                  Defense                  Time % Phy DF OF 
 1 Carl Gunnarsson          Grant Clitsome           60     1   2  2  
 2 Dylan Olsen              Jared Cowen              40     1   2  2  

Penalty Kill - 3 Players Forward 
   Forward                                           Time % Phy DF OF 
 1 Scott Glennie                                     60     1   2  2  
 2 Jiri Tlusty                                       40     1   2  2  

Penalty Kill - 3 Players Defense
   Defense                  Defense                  Time % Phy DF OF 
 1 Carl Gunnarsson          Grant Clitsome           60     1   2  2  
 2 Dylan Olsen              Jared Cowen              40     1   2  2  

4 vs 4 Forward 
   Center                   Wing                     Time % Phy DF OF 
 1 Chris Higgins            Denis Tolpeko            60     1   2  2  
 2 David Desharnais         Scott Glennie            40     1   2  2  

4 vs 4 Defense
   Defense                  Defense                  Time % Phy DF OF 
 1 Carl Gunnarsson          Grant Clitsome           60     1   2  2  
 2 Dylan Olsen              Jared Cowen              40     1   2  2  

Last Minutes Offensive
   Center                   Left Wing                Right Wing               Defense                  Defense                  
   Alex Burrows             Scott Glennie            Jiri Tlusty              Carl Gunnarsson          Grant Clitsome           

Last Minutes Defensive
   Center                   Left Wing                Right Wing               Defense                  Defense                  
   Alex Burrows             Scott Glennie            Jiri Tlusty              Carl Gunnarsson          Grant Clitsome           

Goaltenders
Starting : Carey Price              
Backup : Jaroslav Halak           

Extra Forwards
Normal : Leo Komarov, David Desharnais, Denis Tolpeko - PP : Leo Komarov, David Desharnais - PK : Denis Tolpeko
Extra Defensemen
Normal : Grant Clitsome, Jared Cowen, Dylan Olsen - PP : Grant Clitsome - PK : Grant Clitsome, Dylan Olsen
Penalty Shots
David Desharnais, Leo Komarov, Denis Tolpeko, Scott Glennie, Chris Higgins
Custom OT Lines Forwards
Alex Burrows, Nino Niederreiter, Jiri Tlusty, Scott Glennie, Chris Higgins, Sergei Kostitsyn, Leo Komarov, David Desharnais, Denis Tolpeko, Drew Stafford
Custom OT Lines Defensemen
Andrew MacDonald, Grant Clitsome, Dylan Olsen, Jared Cowen, Brian Strait

Scratches
Adam McQuaid (Healthy)

Rangers

5 vs 5 Forward 
   Center                   Left Wing                Right Wing               Time % Phy DF OF 
 1 Matt Stajan              Ondrej Palat             Clarke MacArthur         34     1   2  2  
 2 Nikolai Kulemin          Kyle Palmieri            Shawn Collymore          30     1   2  2  
 3 Rich Peverley            Mattias Tedenby          Tomas Fleischmann        22     1   2  2  
 4 Evan McGrath             James Sheppard           Reilly Smith             14     1   2  2  

5 vs 5 Defense 
   Defense                  Defense                                           Time % Phy DF OF 
 1 Niklas Kronwall          Nick Holden                                       34     0   3  2  
 2 Trevor Byrne             Radko Gudas                                       30     0   3  2  
 3 Tim Ramholt              Luca Sbisa                                        22     1   2  2  
 4 Niklas Kronwall          Luca Sbisa                                        14     1   2  2  

PowerPlay Forward 
   Center                   Left Wing                Right Wing               Time % Phy DF OF 
 1 Matt Stajan              Ondrej Palat             Clarke MacArthur         55     0   2  3  
 2 Nikolai Kulemin          Kyle Palmieri            Reilly Smith             45     0   2  3  

PowerPlay Defense
   Defense                  Defense                                           Time % Phy DF OF 
 1 Niklas Kronwall          Nick Holden                                       55     0   2  3  
 2 Trevor Byrne             Radko Gudas                                       45     0   2  3  

Penalty Kill 4 Players Forward 
   Center                   Wing                     Time % Phy DF OF 
 1 Evan McGrath             Nikolai Kulemin          55     1   3  1  
 2 Ondrej Palat             Kyle Palmieri            45     1   3  1  

Penalty Kill 4 Players Defense
   Defense                  Defense                  Time % Phy DF OF 
 1 Luca Sbisa               Nick Holden              55     1   3  1  
 2 Trevor Byrne             Radko Gudas              45     1   3  1  

Penalty Kill - 3 Players Forward 
   Forward                                           Time % Phy DF OF 
 1 Evan McGrath                                      55     1   4  0  
 2 Matt Stajan                                       45     1   4  0  

Penalty Kill - 3 Players Defense
   Defense                  Defense                  Time % Phy DF OF 
 1 Tim Ramholt              Nick Holden              55     1   4  0  
 2 Trevor Byrne             Radko Gudas              45     1   4  0  

4 vs 4 Forward 
   Center                   Wing                     Time % Phy DF OF 
 1 Evan McGrath             Clarke MacArthur         55     1   2  2  
 2 Ondrej Palat             Kyle Palmieri            45     1   2  2  

4 vs 4 Defense
   Defense                  Defense                  Time % Phy DF OF 
 1 Niklas Kronwall          Nick Holden              55     1   2  2  
 2 Trevor Byrne             Radko Gudas              45     1   2  2  

Last Minutes Offensive
   Center                   Left Wing                Right Wing               Defense                  Defense                  
   Matt Stajan              Ondrej Palat             Clarke MacArthur         Niklas Kronwall          Nick Holden              

Last Minutes Defensive
   Center                   Left Wing                Right Wing               Defense                  Defense                  
   Matt Stajan              Ondrej Palat             Clarke MacArthur         Niklas Kronwall          Nick Holden              

Goaltenders
Starting : Mike Smith               
Backup : Tyler Beskorowany        

Extra Forwards
Normal : Evan McGrath, Rich Peverley, Matt Stajan - PP : Evan McGrath, Rich Peverley - PK : Ondrej Palat
Extra Defensemen
Normal : Tim Ramholt, Luca Sbisa, Trevor Byrne - PP : Tim Ramholt - PK : Luca Sbisa, Trevor Byrne
Penalty Shots
Clarke MacArthur, Matt Stajan, Ondrej Palat, Kyle Palmieri, Nikolai Kulemin
Custom OT Lines Forwards
Clarke MacArthur, Matt Stajan, Ondrej Palat, Kyle Palmieri, Nikolai Kulemin, Reilly Smith, Rich Peverley, Evan McGrath, Tomas Fleischmann, James Sheppard
Custom OT Lines Defensemen
Luca Sbisa, Nick Holden, Trevor Byrne, Radko Gudas, Tim Ramholt

Scratches
Alex Foster (Healthy)

% Time on Ice - Islanders

Lines # - Real PCT - Wanted PCT - Time Play
Normal Forward
1 - 36% - 40% - 15:52
2 - 34% - 30% - 15:02
3 - 22% - 20% - 9:39
4 - 7% - 10% - 3:17
Normal Defense
1 - 39% - 40% - 17:05
2 - 32% - 30% - 14:08
3 - 29% - 20% - 12:37
4 - 0% - 10% - 0:00
PP Forward
1 - 52% - 60% - 1:23
2 - 48% - 40% - 1:17
PP Defense
1 - 53% - 60% - 1:25
2 - 47% - 40% - 1:15
PK Forward
1 - 67% - 60% - 8:40
2 - 33% - 40% - 4:17
PK Defense
1 - 58% - 60% - 7:32
2 - 42% - 40% - 5:25
PK3 Forward
1 - 0% - 60%
2 - 0% - 40%
PK3 Defense
1 - 0% - 60%
2 - 0% - 40%
44 Forward
1 - 79% - 60% - 0:26
2 - 21% - 40% - 0:07
44 Defense
1 - 100% - 60% - 0:33
2 - 0% - 40% - 0:00
Last Minute Offensive  - 0:00
Last Minute Defensive  - 0:00
Total
Forward - 60:00
Defense - 60:00

% Time on Ice - Rangers

Lines # - Real PCT - Wanted PCT - Time Play
Normal Forward
1 - 33% - 34% - 14:28
2 - 32% - 30% - 13:55
3 - 22% - 22% - 9:35
4 - 13% - 14% - 5:52
Normal Defense
1 - 33% - 34% - 14:28
2 - 35% - 30% - 15:11
3 - 27% - 22% - 11:41
4 - 6% - 14% - 2:30
PP Forward
1 - 52% - 55% - 6:41
2 - 48% - 45% - 6:16
PP Defense
1 - 52% - 55% - 6:46
2 - 48% - 45% - 6:11
PK Forward
1 - 64% - 55% - 1:42
2 - 36% - 45% - 0:58
PK Defense
1 - 68% - 55% - 1:48
2 - 33% - 45% - 0:52
PK3 Forward
1 - 0% - 55%
2 - 0% - 45%
PK3 Defense
1 - 0% - 55%
2 - 0% - 45%
44 Forward
1 - 79% - 55% - 0:26
2 - 21% - 45% - 0:07
44 Defense
1 - 52% - 55% - 0:17
2 - 48% - 45% - 0:16
Last Minute Offensive  - 0:00
Last Minute Defensive  - 0:00
Total
Forward - 60:00
Defense - 60:00

Play by Play

1st period


0:01 of 1st period - Alex Burrows wins face-off versus Matt Stajan in neutral zone.
0:06 of 1st period - Shot by Alex Burrows.
0:06 of 1st period - Shot Misses the Net.
0:08 of 1st period - Shot by Alex Burrows.
0:08 of 1st period - Stopped by Mike Smith with a rebound.
0:28 of 1st period - Shot by Alex Burrows.
0:28 of 1st period - Goal by Alex Burrows - Islanders : 1 - Rangers : 0.
0:29 of 1st period - Nikolai Kulemin wins face-off versus Scott Glennie in neutral zone.
0:57 of 1st period - Kyle Palmieri is hit by Dylan Olsen and loses puck.
1:03 of 1st period - Shawn Collymore is hit by Dylan Olsen and loses puck.
1:34 of 1st period - Shot by David Desharnais.
1:34 of 1st period - Shot Misses the Net.
1:36 of 1st period - Shot by David Desharnais.
1:36 of 1st period - Shot Misses the Net.
1:51 of 1st period - Icing by Andrew MacDonald.
1:52 of 1st period - Leo Komarov wins face-off versus Evan McGrath in Islanders zone.
1:52 of 1st period - David Desharnais is hit by James Sheppard and loses puck.
1:54 of 1st period - Minor Penalty to James Sheppard for Cross-checking.
1:55 of 1st period - David Desharnais wins face-off versus Evan McGrath in Rangers zone.
2:08 of 1st period - Shot by Denis Tolpeko.
2:08 of 1st period - Shot Misses the Net.
2:10 of 1st period - Shot by Alex Burrows.
2:10 of 1st period - Stopped by Mike Smith without a rebound.
2:11 of 1st period - Ondrej Palat wins face-off versus Scott Glennie in Rangers zone.
2:43 of 1st period - Shot by Jared Cowen.
2:43 of 1st period - Shot Blocked by Nick Holden.
2:45 of 1st period - Shot by Dylan Olsen.
2:45 of 1st period - Shot Misses the Net.
3:20 of 1st period - Minor Penalty to Carl Gunnarsson for Hooking.
3:21 of 1st period - Chris Higgins wins face-off versus Evan McGrath in Islanders zone.
3:30 of 1st period - Shot by Denis Tolpeko.
3:30 of 1st period - Stopped by Mike Smith without a rebound.
3:31 of 1st period - Chris Higgins wins face-off versus Evan McGrath in Rangers zone.
3:46 of 1st period - Shot by Clarke MacArthur.
3:46 of 1st period - Stopped by Carey Price without a rebound.
3:47 of 1st period - David Desharnais wins face-off versus Ondrej Palat in Islanders zone.
4:04 of 1st period - Shot by Niklas Kronwall.
4:04 of 1st period - Deflect By Kyle Palmieri.
4:04 of 1st period - Shot Misses the Net.
4:06 of 1st period - Shot by Niklas Kronwall.
4:06 of 1st period - Shot Misses the Net.
4:08 of 1st period - Shot by Kyle Palmieri.
4:08 of 1st period - Shot Blocked by Dylan Olsen.
4:10 of 1st period - Shot by Nikolai Kulemin.
4:10 of 1st period - Shot Misses the Net.
4:12 of 1st period - Shot by Nikolai Kulemin.
4:12 of 1st period - Stopped by Carey Price with a rebound.
4:14 of 1st period - Shot by Nick Holden.
4:14 of 1st period - Shot Blocked by Denis Tolpeko.
4:28 of 1st period - Shot by Nick Holden.
4:28 of 1st period - Deflect By Nikolai Kulemin.
4:28 of 1st period - Stopped by Carey Price without a rebound.
4:29 of 1st period - Matt Stajan wins face-off versus Chris Higgins in Islanders zone.
4:58 of 1st period - Shot by Clarke MacArthur.
4:58 of 1st period - Shot Blocked by Jared Cowen.
5:02 of 1st period - Shot by Matt Stajan.
5:02 of 1st period - Stopped by Carey Price without a rebound.
5:03 of 1st period - Chris Higgins wins face-off versus Nikolai Kulemin in Islanders zone.
5:34 of 1st period - Rich Peverley is hit by Brian Strait and loses puck.
6:12 of 1st period - Andrew MacDonald is hit by Nick Holden and loses puck.
6:16 of 1st period - Icing by Clarke MacArthur.
6:17 of 1st period - Matt Stajan wins face-off versus Scott Glennie in Rangers zone.
6:34 of 1st period - Shot by Ondrej Palat.
6:34 of 1st period - Stopped by Carey Price without a rebound.
6:35 of 1st period - Nikolai Kulemin wins face-off versus David Desharnais in Islanders zone.
6:37 of 1st period - Kyle Palmieri is hit by Carl Gunnarsson and loses puck.
6:52 of 1st period - Shot by Leo Komarov.
6:52 of 1st period - Stopped by Mike Smith without a rebound.
6:53 of 1st period - Matt Stajan wins face-off versus Scott Glennie in Rangers zone.
6:59 of 1st period - Icing by Niklas Kronwall.
7:00 of 1st period - Scott Glennie wins face-off versus Matt Stajan in Rangers zone.
7:23 of 1st period - Ondrej Palat is hit by Grant Clitsome and loses puck.
7:59 of 1st period - Shot by Nikolai Kulemin.
7:59 of 1st period - Shot Misses the Net.
8:15 of 1st period - Shot by Shawn Collymore.
8:15 of 1st period - Stopped by Carey Price with a rebound.
8:17 of 1st period - Shot by Shawn Collymore.
8:17 of 1st period - Shot Misses the Net.
8:23 of 1st period - Shot by Kyle Palmieri.
8:23 of 1st period - Shot Misses the Net.
8:25 of 1st period - Shot by Trevor Byrne.
8:25 of 1st period - Stopped by Carey Price with a rebound.
8:27 of 1st period - Shot by Trevor Byrne.
8:27 of 1st period - Stopped by Carey Price without a rebound.
8:28 of 1st period - Alex Burrows wins face-off versus Evan McGrath in Islanders zone.
8:42 of 1st period - Alex Burrows is hit by Tim Ramholt.
8:50 of 1st period - Shot by Jiri Tlusty.
8:50 of 1st period - Stopped by Mike Smith without a rebound.
8:51 of 1st period - Rich Peverley wins face-off versus Leo Komarov in Rangers zone.
9:01 of 1st period - Icing by Brian Strait.
9:02 of 1st period - Matt Stajan wins face-off versus Leo Komarov in Islanders zone.
9:11 of 1st period - Shot by Matt Stajan.
9:11 of 1st period - Stopped by Carey Price without a rebound.
9:12 of 1st period - Alex Burrows wins face-off versus James Sheppard in Islanders zone.
9:12 of 1st period - Alex Burrows is hit by James Sheppard.
9:32 of 1st period - Shot by Jiri Tlusty.
9:32 of 1st period - Stopped by Mike Smith with a rebound.
9:46 of 1st period - Alex Burrows is hit by James Sheppard and loses puck.
10:02 of 1st period - Alex Burrows is hit by James Sheppard and loses puck.
10:23 of 1st period - Icing by Jared Cowen.
10:24 of 1st period - Alex Burrows wins face-off versus Matt Stajan in Islanders zone.
11:38 of 1st period - Shot by Sergei Kostitsyn.
11:38 of 1st period - Shot Misses the Net.
12:36 of 1st period - Shot by Casey Cizikas.
12:36 of 1st period - Stopped by Mike Smith with a rebound.
12:42 of 1st period - Shot by Mattias Tedenby.
12:42 of 1st period - Stopped by Carey Price without a rebound.
12:43 of 1st period - Evan McGrath wins face-off versus Leo Komarov in Islanders zone.
13:00 of 1st period - Shot by Reilly Smith.
13:00 of 1st period - Shot Misses the Net.
13:21 of 1st period - Reilly Smith is hit by Dylan Olsen and loses puck.
13:24 of 1st period - Shot by James Sheppard.
13:24 of 1st period - Shot Blocked by Dylan Olsen.
13:55 of 1st period - Icing by Radko Gudas.
13:56 of 1st period - Ondrej Palat wins face-off versus Scott Glennie in Rangers zone.
13:56 of 1st period - Ondrej Palat is hit by Scott Glennie.
14:18 of 1st period - Shot by Ondrej Palat.
14:18 of 1st period - Goal by Ondrej Palat - Islanders : 1 - Rangers : 1.
14:19 of 1st period - Drew Stafford wins face-off versus Rich Peverley in neutral zone.
15:17 of 1st period - Shot by Shawn Collymore.
15:17 of 1st period - Shot Misses the Net.
15:27 of 1st period - Brian Strait is hit by Luca Sbisa and loses puck.
15:51 of 1st period - Off-side.
15:52 of 1st period - Leo Komarov wins face-off versus Matt Stajan in neutral zone.
16:16 of 1st period - Denis Tolpeko is hit by Radko Gudas and loses puck.
16:41 of 1st period - Icing by Denis Tolpeko.
16:42 of 1st period - Rich Peverley wins face-off versus Leo Komarov in Islanders zone.
16:42 of 1st period - Rich Peverley is hit by Dylan Olsen.
16:46 of 1st period - Shot by Mattias Tedenby.
16:46 of 1st period - Stopped by Carey Price without a rebound.
16:47 of 1st period - Nikolai Kulemin wins face-off versus Scott Glennie in Islanders zone.
17:04 of 1st period - Shot by Kyle Palmieri.
17:04 of 1st period - Stopped by Carey Price without a rebound.
17:05 of 1st period - Rich Peverley wins face-off versus Casey Cizikas in Islanders zone.
17:10 of 1st period - Shot by Tomas Fleischmann.
17:10 of 1st period - Shot Misses the Net.
17:17 of 1st period - Casey Cizikas is hit by Niklas Kronwall and loses puck.
17:20 of 1st period - Shot by Casey Cizikas.
17:20 of 1st period - Shot Misses the Net.
17:32 of 1st period - Nino Niederreiter is hit by Niklas Kronwall and loses puck.
17:38 of 1st period - Nino Niederreiter is hit by Nick Holden and loses puck.
17:52 of 1st period - Icing by Niklas Kronwall.
17:53 of 1st period - Scott Glennie wins face-off versus Rich Peverley in Rangers zone.
17:53 of 1st period - Grant Clitsome is hit by Nick Holden and loses puck.
17:55 of 1st period - Minor Penalty to Scott Glennie for Hooking.
17:56 of 1st period - Matt Stajan wins face-off versus Denis Tolpeko in Islanders zone.
18:14 of 1st period - Off-side.
18:15 of 1st period - Nikolai Kulemin wins face-off versus Denis Tolpeko in neutral zone.
18:33 of 1st period - Icing by Nikolai Kulemin.
18:34 of 1st period - Denis Tolpeko wins face-off versus Nikolai Kulemin in Rangers zone.
18:41 of 1st period - Shot by Kyle Palmieri.
18:41 of 1st period - Stopped by Carey Price without a rebound.
18:42 of 1st period - Denis Tolpeko wins face-off versus Matt Stajan in Islanders zone.
19:45 of 1st period - Shot by Niklas Kronwall.
19:45 of 1st period - Shot Hit the Post.
19:59 of 1st period - Shot by Luca Sbisa.
19:59 of 1st period - Shot Misses the Net.
Goals for this period are 1 for Islanders vs 1 for Rangers.
Shots for this period are 8 for Islanders vs 14 for Rangers.

2nd period


0:01 of 2nd period - Alex Burrows wins face-off versus Matt Stajan in neutral zone.
0:06 of 2nd period - Shot by Grant Clitsome.
0:06 of 2nd period - Shot Misses the Net.
0:13 of 2nd period - Icing by Matt Stajan.
0:14 of 2nd period - Scott Glennie wins face-off versus Matt Stajan in Rangers zone.
0:17 of 2nd period - Shot by Scott Glennie.
0:17 of 2nd period - Deflect By Sergei Kostitsyn.
0:17 of 2nd period - Shot Misses the Net.
0:19 of 2nd period - Shot by Sergei Kostitsyn.
0:19 of 2nd period - Stopped by Mike Smith without a rebound.
0:20 of 2nd period - Alex Burrows wins face-off versus Nikolai Kulemin in Rangers zone.
0:20 of 2nd period - Alex Burrows is hit by Niklas Kronwall.
0:22 of 2nd period - Shot by Drew Stafford.
0:22 of 2nd period - Shot Misses the Net.
0:24 of 2nd period - Shot by Alex Burrows.
0:24 of 2nd period - Stopped by Mike Smith without a rebound.
0:25 of 2nd period - Alex Burrows wins face-off versus Matt Stajan in Rangers zone.
0:37 of 2nd period - Icing by Ondrej Palat.
0:38 of 2nd period - Scott Glennie wins face-off versus Matt Stajan in Rangers zone.
0:41 of 2nd period - Shot by Scott Glennie.
0:41 of 2nd period - Goal by Scott Glennie - Islanders : 2 - Rangers : 1.
0:42 of 2nd period - Nikolai Kulemin wins face-off versus Alex Burrows in neutral zone.
0:42 of 2nd period - Kyle Palmieri is hit by Alex Burrows and loses puck.
1:03 of 2nd period - Shot by Nikolai Kulemin.
1:03 of 2nd period - Stopped by Carey Price without a rebound.
1:04 of 2nd period - Matt Stajan wins face-off versus Scott Glennie in Islanders zone.
1:10 of 2nd period - Scott Glennie is hit by Matt Stajan and loses puck.
2:19 of 2nd period - Icing by Nick Holden.
2:20 of 2nd period - Matt Stajan wins face-off versus Leo Komarov in Rangers zone.
2:20 of 2nd period - Matt Stajan is hit by Leo Komarov.
2:50 of 2nd period - Shot by Denis Tolpeko.
2:50 of 2nd period - Shot Misses the Net.
2:52 of 2nd period - Shot by Leo Komarov.
2:52 of 2nd period - Stopped by Mike Smith without a rebound.
2:53 of 2nd period - Rich Peverley wins face-off versus Alex Burrows in Rangers zone.
3:02 of 2nd period - Shot by Drew Stafford.
3:02 of 2nd period - Stopped by Mike Smith without a rebound.
3:03 of 2nd period - Scott Glennie wins face-off versus Nikolai Kulemin in Rangers zone.
3:25 of 2nd period - Shot by Nikolai Kulemin.
3:25 of 2nd period - Shot Misses the Net.
3:30 of 2nd period - Off-side.
3:31 of 2nd period - Jiri Tlusty wins face-off versus Rich Peverley in neutral zone.
3:34 of 2nd period - Rich Peverley is hit by Alex Burrows.
3:39 of 2nd period - Luca Sbisa is hit by Dylan Olsen and loses puck.
3:52 of 2nd period - Shot by Alex Burrows.
3:52 of 2nd period - Shot Misses the Net.
4:11 of 2nd period - Rich Peverley is hit by Dylan Olsen and loses puck.
4:27 of 2nd period - Nikolai Kulemin is hit by Dylan Olsen and loses puck.
4:39 of 2nd period - Shawn Collymore is hit by Dylan Olsen.
4:50 of 2nd period - Off-side.
4:51 of 2nd period - Ondrej Palat wins face-off versus Scott Glennie in neutral zone.
4:55 of 2nd period - Matt Stajan is hit by Grant Clitsome and loses puck.
5:08 of 2nd period - Nick Holden is hit by Scott Glennie and loses puck.
5:31 of 2nd period - Shot by Scott Glennie.
5:31 of 2nd period - Shot Blocked by Niklas Kronwall.
6:10 of 2nd period - Andrew MacDonald is hit by Shawn Collymore and loses puck.
6:16 of 2nd period - Brian Strait is hit by Shawn Collymore and loses puck.
6:20 of 2nd period - Andrew MacDonald is hit by Radko Gudas and loses puck.
6:28 of 2nd period - Icing by Radko Gudas.
6:29 of 2nd period - Casey Cizikas wins face-off versus Nikolai Kulemin in Rangers zone.
6:29 of 2nd period - Nino Niederreiter is hit by Radko Gudas and loses puck.
6:40 of 2nd period - Shot by Nino Niederreiter.
6:40 of 2nd period - Shot Misses the Net.
6:48 of 2nd period - Shot by Drew Stafford.
6:48 of 2nd period - Shot Misses the Net.
7:11 of 2nd period - Scott Glennie is hit by Radko Gudas and loses puck.
7:13 of 2nd period - Minor Penalty to Radko Gudas for Interference.
7:14 of 2nd period - David Desharnais wins face-off versus Evan McGrath in Rangers zone.
7:25 of 2nd period - Shot by Carl Gunnarsson.
7:25 of 2nd period - Stopped by Mike Smith with a rebound.
7:27 of 2nd period - Shot by David Desharnais.
7:27 of 2nd period - Shot Misses the Net.
7:29 of 2nd period - Shot by Alex Burrows.
7:29 of 2nd period - Goal by Alex Burrows - Islanders : 3 - Rangers : 1.
7:30 of 2nd period - Rich Peverley wins face-off versus Scott Glennie in neutral zone.
7:36 of 2nd period - Icing by Brian Strait.
7:37 of 2nd period - Evan McGrath wins face-off versus Scott Glennie in Islanders zone.
7:40 of 2nd period - Shot by Reilly Smith.
7:40 of 2nd period - Stopped by Carey Price without a rebound.
7:41 of 2nd period - Matt Stajan wins face-off versus Scott Glennie in Islanders zone.
8:12 of 2nd period - Shot by Clarke MacArthur.
8:12 of 2nd period - Deflect By Matt Stajan.
8:12 of 2nd period - Stopped by Carey Price without a rebound.
8:13 of 2nd period - Rich Peverley wins face-off versus Alex Burrows in Islanders zone.
8:20 of 2nd period - Shot by Mattias Tedenby.
8:20 of 2nd period - Stopped by Carey Price without a rebound.
8:21 of 2nd period - Drew Stafford wins face-off versus Evan McGrath in Islanders zone.
9:31 of 2nd period - Shot by Scott Glennie.
9:31 of 2nd period - Deflect By Sergei Kostitsyn.
9:31 of 2nd period - Shot Misses the Net.
9:33 of 2nd period - Shot by Chris Higgins.
9:33 of 2nd period - Shot Blocked by Luca Sbisa.
10:11 of 2nd period - Shot by David Desharnais.
10:11 of 2nd period - Shot Misses the Net.
10:13 of 2nd period - Shot by Denis Tolpeko.
10:13 of 2nd period - Shot Misses the Net.
10:23 of 2nd period - Shot by David Desharnais.
10:23 of 2nd period - Deflect By Denis Tolpeko.
10:23 of 2nd period - Shot Misses the Net.
10:25 of 2nd period - Shot by David Desharnais.
10:25 of 2nd period - Shot Misses the Net.
10:49 of 2nd period - Shot by Dylan Olsen.
10:49 of 2nd period - Stopped by Mike Smith without a rebound.
10:50 of 2nd period - Clarke MacArthur wins face-off versus Alex Burrows in Rangers zone.
11:07 of 2nd period - Minor Penalty to Alex Burrows for Tripping.
11:08 of 2nd period - Denis Tolpeko wins face-off versus Kyle Palmieri in Islanders zone.
11:18 of 2nd period - Icing by Radko Gudas.
11:19 of 2nd period - Nikolai Kulemin wins face-off versus Denis Tolpeko in Rangers zone.
11:44 of 2nd period - Shot by Nikolai Kulemin.
11:44 of 2nd period - Shot Misses the Net.
11:48 of 2nd period - Shot by Trevor Byrne.
11:48 of 2nd period - Stopped by Carey Price without a rebound.
11:49 of 2nd period - Matt Stajan wins face-off versus Chris Higgins in Islanders zone.
11:54 of 2nd period - Shot by Nick Holden.
11:54 of 2nd period - Stopped by Carey Price without a rebound.
11:55 of 2nd period - Denis Tolpeko wins face-off versus Matt Stajan in Islanders zone.
11:55 of 2nd period - Denis Tolpeko is hit by Matt Stajan.
12:31 of 2nd period - Shot by Nick Holden.
12:31 of 2nd period - Shot Misses the Net.
12:33 of 2nd period - Shot by Ondrej Palat.
12:33 of 2nd period - Shot Misses the Net.
12:35 of 2nd period - Shot by Nick Holden.
12:35 of 2nd period - Shot Blocked by Grant Clitsome.
12:59 of 2nd period - Shot by Kyle Palmieri.
12:59 of 2nd period - Stopped by Carey Price without a rebound.
13:00 of 2nd period - Chris Higgins wins face-off versus Nikolai Kulemin in Islanders zone.
13:00 of 2nd period - Chris Higgins is hit by Kyle Palmieri.
13:36 of 2nd period - Shot by Rich Peverley.
13:36 of 2nd period - Shot Misses the Net.
13:38 of 2nd period - Shot by Rich Peverley.
13:38 of 2nd period - Stopped by Carey Price without a rebound.
13:39 of 2nd period - Nikolai Kulemin wins face-off versus Scott Glennie in Islanders zone.
13:42 of 2nd period - Shot by Trevor Byrne.
13:42 of 2nd period - Stopped by Carey Price without a rebound.
13:43 of 2nd period - Chris Higgins wins face-off versus Nikolai Kulemin in Islanders zone.
13:50 of 2nd period - Shot by Scott Glennie.
13:50 of 2nd period - Stopped by Mike Smith without a rebound.
13:51 of 2nd period - Matt Stajan wins face-off versus Scott Glennie in Rangers zone.
13:51 of 2nd period - Nick Holden is hit by Scott Glennie and loses puck.
15:35 of 2nd period - Icing by Nikolai Kulemin.
15:36 of 2nd period - Nikolai Kulemin wins face-off versus Leo Komarov in Rangers zone.
15:59 of 2nd period - Reilly Smith is hit by Brian Strait.
16:08 of 2nd period - Minor Penalty to Andrew MacDonald for Hooking.
16:09 of 2nd period - Matt Stajan wins face-off versus Denis Tolpeko in Islanders zone.
16:52 of 2nd period - Shot by Nick Holden.
16:52 of 2nd period - Stopped by Carey Price without a rebound.
16:53 of 2nd period - Nikolai Kulemin wins face-off versus Denis Tolpeko in Islanders zone.
17:06 of 2nd period - Shot by Nikolai Kulemin.
17:06 of 2nd period - Shot Misses the Net.
17:08 of 2nd period - Shot by Radko Gudas.
17:08 of 2nd period - Deflect By Reilly Smith.
17:08 of 2nd period - Stopped by Carey Price without a rebound.
17:09 of 2nd period - Chris Higgins wins face-off versus Nikolai Kulemin in Islanders zone.
17:19 of 2nd period - Icing by Kyle Palmieri.
17:20 of 2nd period - Nikolai Kulemin wins face-off versus David Desharnais in Rangers zone.
18:09 of 2nd period - Icing by Ondrej Palat.
18:10 of 2nd period - Alex Burrows wins face-off versus Rich Peverley in Rangers zone.
18:51 of 2nd period - Tomas Fleischmann is hit by Alex Burrows and loses puck.
18:55 of 2nd period - Icing by Tim Ramholt.
18:56 of 2nd period - Rich Peverley wins face-off versus Scott Glennie in Rangers zone.
19:21 of 2nd period - Shot by Chris Higgins.
19:21 of 2nd period - Stopped by Mike Smith without a rebound.
19:22 of 2nd period - Denis Tolpeko wins face-off versus Nikolai Kulemin in Rangers zone.
19:29 of 2nd period - Shot by Leo Komarov.
19:29 of 2nd period - Shot Misses the Net.
19:32 of 2nd period - Icing by Radko Gudas.
19:33 of 2nd period - Nikolai Kulemin wins face-off versus Casey Cizikas in Rangers zone.
19:33 of 2nd period - Nikolai Kulemin is hit by Nino Niederreiter.
19:59 of 2nd period - Shot by Nino Niederreiter.
19:59 of 2nd period - Deflect By Drew Stafford.
19:59 of 2nd period - Goal by Drew Stafford - Islanders : 4 - Rangers : 1.
Goals for this period are 3 for Islanders vs 0 for Rangers.
Shots for this period are 11 for Islanders vs 11 for Rangers.

3rd period


0:01 of 3rd period - Matt Stajan wins face-off versus Alex Burrows in neutral zone.
0:11 of 3rd period - Minor Penalty to Alex Burrows for Holding.
0:12 of 3rd period - Nikolai Kulemin wins face-off versus Denis Tolpeko in Islanders zone.
0:23 of 3rd period - Shot by Nick Holden.
0:23 of 3rd period - Shot Blocked by Carl Gunnarsson.
0:25 of 3rd period - Shot by Nick Holden.
0:25 of 3rd period - Stopped by Carey Price without a rebound.
0:26 of 3rd period - Denis Tolpeko wins face-off versus Matt Stajan in Islanders zone.
0:26 of 3rd period - Denis Tolpeko is hit by Matt Stajan.
1:47 of 3rd period - Shot by Nick Holden.
1:47 of 3rd period - Goal by Nick Holden - Islanders : 4 - Rangers : 2.
1:48 of 3rd period - Rich Peverley wins face-off versus Jiri Tlusty in neutral zone.
2:01 of 3rd period - Shot by Jiri Tlusty.
2:01 of 3rd period - Stopped by Mike Smith without a rebound.
2:02 of 3rd period - Evan McGrath wins face-off versus Scott Glennie in Rangers zone.
2:02 of 3rd period - Evan McGrath is hit by Scott Glennie.
2:19 of 3rd period - Shot by James Sheppard.
2:19 of 3rd period - Goal by James Sheppard - Islanders : 4 - Rangers : 3.
2:20 of 3rd period - Alex Burrows wins face-off versus Matt Stajan in neutral zone.
2:28 of 3rd period - Matt Stajan is hit by Alex Burrows and loses puck.
2:52 of 3rd period - Ondrej Palat is hit by Dylan Olsen and loses puck.
2:55 of 3rd period - Shot by Clarke MacArthur.
2:55 of 3rd period - Deflect By Matt Stajan.
2:55 of 3rd period - Shot Blocked by Dylan Olsen.
2:57 of 3rd period - Shot by Clarke MacArthur.
2:57 of 3rd period - Shot Blocked by Jared Cowen.
2:59 of 3rd period - Shot by Niklas Kronwall.
2:59 of 3rd period - Shot Misses the Net.
3:32 of 3rd period - Sergei Kostitsyn is hit by Radko Gudas and loses puck.
3:52 of 3rd period - Icing by Carl Gunnarsson.
3:53 of 3rd period - Evan McGrath wins face-off versus Scott Glennie in Islanders zone.
4:26 of 3rd period - Icing by Andrew MacDonald.
4:27 of 3rd period - Leo Komarov wins face-off versus Nikolai Kulemin in Islanders zone.
4:27 of 3rd period - Leo Komarov is hit by Shawn Collymore.
4:45 of 3rd period - Shot by David Desharnais.
4:45 of 3rd period - Shot Blocked by Kyle Palmieri.
4:47 of 3rd period - Shot by Andrew MacDonald.
4:47 of 3rd period - Shot Blocked by Radko Gudas.
4:49 of 3rd period - Shot by Andrew MacDonald.
4:49 of 3rd period - Stopped by Mike Smith without a rebound.
4:50 of 3rd period - Matt Stajan wins face-off versus Alex Burrows in Rangers zone.
5:11 of 3rd period - Shot by Jiri Tlusty.
5:11 of 3rd period - Deflect By Alex Burrows.
5:11 of 3rd period - Shot Misses the Net.
5:24 of 3rd period - Shot by Matt Stajan.
5:24 of 3rd period - Stopped by Carey Price without a rebound.
5:25 of 3rd period - Nikolai Kulemin wins face-off versus Scott Glennie in Islanders zone.
5:48 of 3rd period - Shot by Scott Glennie.
5:48 of 3rd period - Shot Misses the Net.
5:50 of 3rd period - Shot by Chris Higgins.
5:50 of 3rd period - Shot Misses the Net.
6:08 of 3rd period - Shot by Shawn Collymore.
6:08 of 3rd period - Shot Blocked by Grant Clitsome.
6:29 of 3rd period - Icing by Andrew MacDonald.
6:30 of 3rd period - Matt Stajan wins face-off versus Leo Komarov in Islanders zone.
6:31 of 3rd period - Shot by Clarke MacArthur.
6:31 of 3rd period - Shot Misses the Net.
6:35 of 3rd period - Shot by Clarke MacArthur.
6:35 of 3rd period - Shot Misses the Net.
6:37 of 3rd period - Shot by Clarke MacArthur.
6:37 of 3rd period - Shot Misses the Net.
6:39 of 3rd period - Shot by Nick Holden.
6:39 of 3rd period - Shot Blocked by Andrew MacDonald.
6:56 of 3rd period - Icing by Nick Holden.
6:57 of 3rd period - Matt Stajan wins face-off versus Alex Burrows in Rangers zone.
7:51 of 3rd period - Shot by Tomas Fleischmann.
7:51 of 3rd period - Shot Misses the Net.
7:59 of 3rd period - Shot by Scott Glennie.
7:59 of 3rd period - Stopped by Mike Smith without a rebound.
8:00 of 3rd period - Nikolai Kulemin wins face-off versus Leo Komarov in Rangers zone.
8:00 of 3rd period - Nikolai Kulemin is hit by Leo Komarov.
8:09 of 3rd period - Icing by Nikolai Kulemin.
8:10 of 3rd period - Nikolai Kulemin wins face-off versus Scott Glennie in Rangers zone.
8:10 of 3rd period - Nikolai Kulemin is hit by Scott Glennie.
8:28 of 3rd period - Shot by Sergei Kostitsyn.
8:28 of 3rd period - Shot Misses the Net.
9:03 of 3rd period - Kyle Palmieri is hit by Jiri Tlusty and loses puck.
9:07 of 3rd period - Minor Penalty to Alex Burrows for Tripping.
9:08 of 3rd period - Denis Tolpeko wins face-off versus Matt Stajan in Islanders zone.
9:08 of 3rd period - Denis Tolpeko is hit by Matt Stajan.
9:20 of 3rd period - Shot by Nick Holden.
9:20 of 3rd period - Stopped by Carey Price without a rebound.
9:21 of 3rd period - Matt Stajan wins face-off versus Denis Tolpeko in Islanders zone.
10:21 of 3rd period - Shot by Radko Gudas.
10:21 of 3rd period - Stopped by Carey Price with a rebound.
10:55 of 3rd period - Shot by Niklas Kronwall.
10:55 of 3rd period - Shot Misses the Net.
11:01 of 3rd period - Shot by Nick Holden.
11:01 of 3rd period - Stopped by Carey Price with a rebound.
11:11 of 3rd period - Shot by Tim Ramholt.
11:11 of 3rd period - Shot Misses the Net.
11:21 of 3rd period - Shot by Drew Stafford.
11:21 of 3rd period - Stopped by Mike Smith without a rebound.
11:22 of 3rd period - Casey Cizikas wins face-off versus Evan McGrath in Rangers zone.
11:56 of 3rd period - Shot by Drew Stafford.
11:56 of 3rd period - Stopped by Mike Smith without a rebound.
11:57 of 3rd period - Nikolai Kulemin wins face-off versus David Desharnais in Rangers zone.
12:16 of 3rd period - Shot by Kyle Palmieri.
12:16 of 3rd period - Shot Misses the Net.
12:18 of 3rd period - Shot by Trevor Byrne.
12:18 of 3rd period - Shot Blocked by Brian Strait.
12:26 of 3rd period - Shot by Nikolai Kulemin.
12:26 of 3rd period - Deflect By Kyle Palmieri.
12:26 of 3rd period - Stopped by Carey Price with a rebound.
12:28 of 3rd period - Shot by Kyle Palmieri.
12:28 of 3rd period - Shot Blocked by Andrew MacDonald.
12:30 of 3rd period - Shot by Radko Gudas.
12:30 of 3rd period - Shot Misses the Net.
12:32 of 3rd period - Shot by Radko Gudas.
12:32 of 3rd period - Deflect By Kyle Palmieri.
12:32 of 3rd period - Stopped by Carey Price without a rebound.
12:33 of 3rd period - Matt Stajan wins face-off versus Scott Glennie in Islanders zone.
12:48 of 3rd period - Icing by Grant Clitsome.
12:49 of 3rd period - Rich Peverley wins face-off versus Scott Glennie in Islanders zone.
12:52 of 3rd period - Shot by Mattias Tedenby.
12:52 of 3rd period - Shot Blocked by Grant Clitsome.
12:54 of 3rd period - Shot by Rich Peverley.
12:54 of 3rd period - Stopped by Carey Price without a rebound.
12:55 of 3rd period - Matt Stajan wins face-off versus Alex Burrows in Islanders zone.
13:59 of 3rd period - Shot by Sergei Kostitsyn.
13:59 of 3rd period - Shot Misses the Net.
14:16 of 3rd period - Minor Penalty to Carl Gunnarsson for Hooking.
14:17 of 3rd period - Nikolai Kulemin wins face-off versus Denis Tolpeko in Islanders zone.
14:17 of 3rd period - Kyle Palmieri is hit by Dylan Olsen and loses puck.
14:38 of 3rd period - Icing by Trevor Byrne.
14:39 of 3rd period - Nikolai Kulemin wins face-off versus Denis Tolpeko in Rangers zone.
16:39 of 3rd period - Shot by Rich Peverley.
16:39 of 3rd period - Shot Misses the Net.
17:49 of 3rd period - Scott Glennie is hit by Niklas Kronwall and loses puck.
17:59 of 3rd period - Icing by Niklas Kronwall.
18:00 of 3rd period - Nikolai Kulemin wins face-off versus Leo Komarov in Rangers zone.
18:00 of 3rd period - Nikolai Kulemin is hit by Leo Komarov.
18:08 of 3rd period - Shot by Nikolai Kulemin.
18:08 of 3rd period - Stopped by Carey Price without a rebound.
18:09 of 3rd period - Matt Stajan wins face-off versus Denis Tolpeko in Islanders zone.
18:44 of 3rd period - Shot by Clarke MacArthur.
18:44 of 3rd period - Shot Misses the Net.
18:46 of 3rd period - Shot by Ondrej Palat.
18:46 of 3rd period - Stopped by Carey Price without a rebound.
18:47 of 3rd period - Alex Burrows wins face-off versus Shawn Collymore in Islanders zone.
18:47 of 3rd period - Carl Gunnarsson is hit by Shawn Collymore and loses puck.
18:58 of 3rd period - Shot by Drew Stafford.
18:58 of 3rd period - Deflect By Jiri Tlusty.
18:58 of 3rd period - Shot Misses the Net.
19:00 of 3rd period - Shot by Alex Burrows.
19:00 of 3rd period - Deflect By Jiri Tlusty.
19:00 of 3rd period - Stopped by Mike Smith with a rebound.
19:01 of 3rd period - Minor Penalty to Niklas Kronwall for Interference.
19:02 of 3rd period - Chris Higgins wins face-off versus Evan McGrath in Rangers zone.
19:05 of 3rd period - Shot by Chris Higgins.
19:05 of 3rd period - Stopped by Mike Smith without a rebound.
19:06 of 3rd period - David Desharnais wins face-off versus Evan McGrath in Rangers zone.
19:33 of 3rd period - Shot by Dylan Olsen.
19:33 of 3rd period - Stopped by Mike Smith without a rebound.
19:34 of 3rd period - Evan McGrath wins face-off versus Scott Glennie in Rangers zone.
19:34 of 3rd period - Evan McGrath is hit by Scott Glennie.
Goals for this period are 0 for Islanders vs 2 for Rangers.
Shots for this period are 8 for Islanders vs 12 for Rangers.